AoeStats
← ПАМПУШКА

Fortress

507471264Analyzed
3v3 RM · 13d ago on Sep 18, 2026· 46m 46s· 6 players
Game mode
Random Map
Map size
Large (8 player)
Population
200
Speed
Normal
Resources
Standard
Victory
Conquest
Starting age
Dark Age
Ending age
Imperial Age
RankedLock teamsTeams togetherTeam positionsShared explorationLock speedFull tech treeHidden civsTurbo modeCheats
Victory
Defeat
🇱🇻 Goths · Latvia
1016
+13
🇩🇰 Inca · Denmark
1007
+14
🇷🇺 Mapuche · Russia
971
+15
🇨🇱 Armenians · Chile
994
-15
🇨🇱 Turks · Chile
972
-15
913
-12
Realm Authority
8:55 Feudal Age
9:56 Horse Collar
10:01 Double-Bit Axe
10:14 Gold Mining
13:04 Loom
18:47 Castle Age
24:33 Imperial Age
24:38 Bow Saw
28:58 Town Watch
29:51 Wheelbarrow
29:10 Elite Skirmisher
34:31 Scale Mail Armor
38:44 Town Patrol
40:46 Chemistry
40:04 Chain Mail Armor
40:51 Heavy Plow
41:35 Gold Shaft Mining
41:22 Masonry
41:06 Fletching
41:53 Plate Mail Armor
42:12 Ballistics
43:26 Hand Cart
43:41 Andean Sling
43:17 Elite Kamayuk
43:58 Fabric Shields
44:24 Conscription
43:38 Pikeman
44:06 Arson
44:22 Squires
43:46 Champi Runner
44:32 Squires
44:18 Arson
44:58 Thumb Ring
44:15 Crossbowman
45:01 Fletching
44:43 Halberdier
44:45 Champi Warrior
44:51 Champi Warrior
45:36 Padded Archer Armor
45:21 Treadmill Crane
46:37 Crop Rotation
46:00 Stone Mining
46:00 Arrowslits
46:28 Sappers
47:35 Hoardings
46:53 Heated Shot
47:16 Forging
47:26 Leather Archer Armor
47:32 Fortified Wall
ПАМПУШКА
1:36 Loom
10:06 Feudal Age
11:34 Wheelbarrow
10:46 Double-Bit Axe
10:44 Horse Collar
14:37 Castle Age
15:28 Bow Saw
15:22 Heavy Plow
15:40 Hand Cart
17:38 Forging
17:29 Scale Mail Armor
18:33 Gold Mining
19:34 Squires
18:56 Man-at-Arms
20:10 Long Swordsman
21:35 Chain Mail Armor
22:45 Iron Casting
27:29 Imperial Age
24:47 Town Watch
26:09 Fletching
26:22 Anarchy
26:27 Stone Mining
26:40 Town Patrol
29:22 Blast Furnace
27:44 Two-Handed Swordsman
28:52 Conscription
28:46 Perfusion
29:16 Champion
36:10 Pikeman
Nwelt
8:50 Loom
10:37 Feudal Age
11:41 Double-Bit Axe
11:40 Horse Collar
16:07 Castle Age
14:40 Gold Mining
14:42 Stone Mining
19:10 Wheelbarrow
18:20 Town Watch
18:52 Forging
23:41 Bow Saw
24:20 Heavy Plow
30:01 Iron Casting
33:48 Imperial Age
33:06 Gold Shaft Mining
33:08 Stone Shaft Mining
34:18 Hand Cart
34:03 Town Patrol
35:29 Blast Furnace
34:52 Conscription
34:00 Elite Kona
35:23 Butalmapu
35:53 Crop Rotation
maximilianogilsandoval
7:51 Feudal Age
12:33 Castle Age
10:22 Double-Bit Axe
10:35 Horse Collar
12:33 Wheelbarrow
12:41 Stone Mining
12:41 Gold Mining
15:16 Bow Saw
16:18 Loom
22:41 Heavy Plow
22:33 Fletching
22:44 Padded Archer Armor
25:02 Gold Shaft Mining
29:06 Hand Cart
28:37 Town Watch
32:31 Imperial Age
30:30 Bodkin Arrow
30:50 Leather Archer Armor
31:24 Yeomen
31:05 Pikeman
31:45 Squires
31:41 Elite Skirmisher
32:51 Forging
32:42 Scale Mail Armor
32:47 Scale Barding Armor
33:29 Ballistics
33:04 Murder Holes
34:07 Conscription
33:08 Elite Longbowman
34:54 Hoardings
34:40 Bracer
35:13 Ring Archer Armor
39:25 Chemistry
38:06 Treadmill Crane
39:02 Halberdier
alonsox133
7:40 Feudal Age
9:03 Double-Bit Axe
12:40 Castle Age
10:53 Double-Bit Axe
11:10 Horse Collar
13:00 Scale Barding Armor
14:41 Loom
18:48 Bow Saw
18:38 Heavy Plow
19:32 Wheelbarrow
25:50 Imperial Age
23:55 Heavy Plow
25:20 Chain Barding Armor
25:10 Forging
24:51 Fletching
25:47 Bloodlines
26:06 Gold Mining
27:15 Plate Barding Armor
27:15 Conscription
29:01 Husbandry
29:40 Iron Casting
29:00 Bodkin Arrow
30:09 Ballistics
29:55 Treadmill Crane
30:11 Murder Holes
31:34 Two-Man Saw
33:07 Fortified Wall
33:05 Bracer
34:05 Blast Furnace
33:13 Artillery
36:00 Elite Janissary
ZarosTCL
6:19 Loom
8:14 Feudal Age
8:49 Man-at-Arms
9:15 Arson
11:34 Double-Bit Axe
12:35 Long Swordsman
14:56 Horse Collar
23:20 Castle Age
22:05 Gold Mining
22:34 Forging
22:25 Scale Mail Armor
25:04 Bow Saw
25:32 Gold Shaft Mining
26:18 Wheelbarrow
25:35 Gambesons
25:50 Squires
25:11 Two-Handed Swordsman
26:10 Heavy Plow
26:08 Town Watch
27:36 Iron Casting
28:39 Hand Cart
29:12 Champion
31:36 Town Patrol
32:08 Guard Tower
33:24 Chain Mail Armor
40:39 Imperial Age
42:17 Conscription
Connection lost

Rejoining the realm…

Still unreachable

The connection could not be restored.

Session expired

The server has moved on; the page needs a fresh start.